WINNIPEG Jets vs CALGARY Flames

Created - 19 mars 2024 at 10:51

Goals
1 2 3 T
WINNIPEG Jets 1 0 4 5
CALGARY Flames 0 0 0 0
Shots
1 2 3 T
WINNIPEG Jets 12 9 9 30
CALGARY Flames 6 8 9 23

1st period

1. WINNIPEG Jets , Clayton Keller 18 (Nick Suzuki 27, Travis Sanheim 28) at 5:14 (PP)

Penalties :
Keegan Kolesar (CGY) for Cross-checking (Minor) at 4:40, Jamie Oleksiak (CGY) for Interference (Minor) at 15:32

2nd period

No Goal

Penalties :
Boone Jenner (CGY) for Tripping (Minor) at 0:13, Jamie Oleksiak (CGY) for Interference (Minor) at 3:20

3rd period

2. WINNIPEG Jets , Evan Bouchard 15 (Brandon Hagel 27, Rasmus Dahlin 34) at 0:51 (PP)
3. WINNIPEG Jets , Logan Couture 16 (Travis Sanheim 29, Mathew Barzal 13) at 9:13 (PP)
4. WINNIPEG Jets , Brandon Hagel 20 (Rasmus Dahlin 35, Clayton Keller 22) at 15:57 (PP)
5. WINNIPEG Jets , Ilya Mikheyev 7 (Radek Faksa 7, Rasmus Dahlin 36) at 17:13

Penalties :
Lawson Crouse (CGY) for Holding (Minor) at 0:33, Charlie Coyle (CGY) for High sticking (Minor) at 5:16, Charlie McAvoy (CGY) for Delaying the game (Minor) at 8:09, Evan Bouchard (WPG) for Slashing (Minor) at 12:18, Charlie McAvoy (CGY) for Tripping (Minor) at 15:25

Goalie Stats

Jeremy Swayman (WPG), 23 saves from 23 shots - (1,000), W, 28-17-7, 60:00 minutes
Stuart Skinner (CGY), 25 saves from 30 shots - (0,833), L, 21-15-8, 60:00 minutes

Players Stats for WINNIPEG Jets

Player Name              G  A  P  +/- PIM S  H  SB GA TA FO     MP     PP MP  PK MP  
------------------------------------------------------------------------------------
Alexander Kerfoot        0  0  0   0  0   0  0  0  0  0  0/0    11:30   0:54   1:36 
Brandon Hagel            1  1  2   0  0   3  2  0  0  0  3/5    22:07   6:09   0:00 
Brian Dumoulin           0  0  0   0  0   0  0  1  0  0  0/0    20:55   1:05   1:04 
Clayton Keller           1  1  2   0  0   5  1  0  0  0  0/0    15:48   7:03   0:00 
Evan Bouchard            1  0  1   0  2   1  1  2  0  0  0/0    19:13   5:37   0:00 
Ilya Mikheyev            1  0  1   1  0   2  0  0  0  0  0/1    14:58   0:16   0:23 
Jaden Schwartz           0  0  0   1  0   1  0  0  0  0  1/1    14:19   0:00   0:00 
Kaapo Kakko              0  0  0   0  0   0  0  0  0  0  0/0     0:00   0:00   0:00 
Logan Couture            1  0  1   0  0   3  3  0  0  0  11/30  20:41   3:21   0:00 
Mathew Barzal            0  1  1   0  0   0  1  0  0  0  0/0    18:14   2:16   0:00 
Miro Heiskanen           0  0  0   0  0   1  0  0  0  0  0/0    22:20   3:42   0:00 
Nick Suzuki              0  1  1   0  0   2  0  0  0  0  13/31  23:43   6:09   1:36 
Radek Faksa              0  1  1   1  0   0  1  0  0  0  8/16   14:40   0:54   0:23 
Rasmus Dahlin            0  3  3   1  0   1  4  0  0  0  0/0    22:51   6:42   0:55 
Tim Stutzle              0  0  0   0  0   8  0  0  0  0  1/2    11:56   3:21   0:00 
Travis Sanheim           0  2  2   0  0   1  1  0  0  0  0/0    17:34   2:48   1:09 
Trevor van Riemsdyk      0  0  0   1  0   1  1  2  0  0  0/0    17:06   0:54   0:50 
Troy Terry               0  0  0   0  0   1  0  0  0  0  0/0    10:05   0:49   0:00 

Players Stats for CALGARY Flames

Player Name              G  A  P  +/- PIM S  H  SB GA TA FO     MP     PP MP  PK MP  
------------------------------------------------------------------------------------
A.J. Greer               0  0  0   0  0   1  1  0  0  0  0/0     8:18   0:00   0:15 
Alex Newhook             0  0  0   0  0   3  1  0  0  0  1/3    15:03   1:00   0:00 
Alexei Toropchenko       0  0  0   0  0   1  0  0  0  0  0/0     8:03   0:00   0:00 
Boone Jenner             0  0  0   0  2   2  0  0  0  0  14/18  16:09   0:59   1:08 
Charlie Coyle            0  0  0  -1  2   4  4  0  0  0  18/27  18:54   0:59   3:53 
Charlie McAvoy           0  0  0   0  4   1  6  1  0  0  0/0    25:31   1:13   4:59 
Cole Perfetti            0  0  0  -1  0   0  1  0  0  0  0/0    14:03   0:00   0:00 
Daniel Sprong            0  0  0  -1  0   1  0  0  0  0  0/1    15:03   1:00   0:00 
Darnell Nurse            0  0  0  -1  0   1  3  1  0  0  0/0    21:10   0:46   6:35 
Jamie Oleksiak           0  0  0  -1  4   0  2  1  0  0  0/0    17:46   0:46   3:13 
Johnathan Kovacevic      0  0  0   0  0   2  1  0  0  0  0/0    16:39   0:00   2:12 
Josh Brown               0  0  0   0  0   1  3  1  0  0  0/0    14:27   0:00   0:00 
Keegan Kolesar           0  0  0   0  2   1  6  0  0  0  2/2    16:35   0:00   5:08 
Lawson Crouse            0  0  0   0  2   0  1  1  0  0  0/2    19:50   0:59   4:49 
Michael Rasmussen        0  0  0   0  0   1  5  0  0  0  9/25   18:03   1:00   5:35 
Philipp Kurashev         0  0  0   0  0   2  0  0  0  0  0/0    11:28   0:00   0:00 
Quinn Hughes             0  0  0   0  0   1  2  1  0  0  0/0    24:23   1:13   3:49 
Ty Dellandrea            0  0  0   0  0   1  0  0  0  0  5/8     8:03   0:00   0:00 

3 Stars

1 - Jeremy Swayman (WPG)
2 - Rasmus Dahlin (WPG)
3 - Brandon Hagel (WPG)

Power Play

WINNIPEG Jets - 4 on 8 Attempt(s) - 50,00%
CALGARY Flames - 0 on 1 Attempt(s) - 0,00%

Penalty Kill

WINNIPEG Jets - 1 on 1 Attempt(s) - 100,00% - Score 0 goal in Penalty Kill
CALGARY Flames - 4 on 8 Attempt(s) - 50,00% - Score 0 goal in Penalty Kill

Team Stat

WINNIPEG Jets - Hits : 15 - Faceoff Wins : 37 - Blocked Shots : 5 - Penalty Minutes : 2
CALGARY Flames - Hits : 36 - Faceoff Wins : 49 - Blocked Shots : 6 - Penalty Minutes : 16

Official

Referees : Chris Lee and Phillip Brooks
Linesman : Jonny Murray and Ryan Daisy

Game Notes

No Game Note

Finance

Level 1 -- Attendance: 5306 (88,43%) -- Ticket Income $530,600
Level 2 -- Attendance: 3983 (79,66%) -- Ticket Income $238,980
Level 3 -- Attendance: 2000 (100,00%) -- Ticket Income $70,000
Level 4 -- Attendance: 4000 (100,00%) -- Ticket Income $80,000
Luxury Box -- Attendance: 853 (85,30%) -- Ticket Income $170,600
Game was played at the Scotiabank Saddledome.
Total Attendance: 16142 (89,68%)
Total Ticket Income: $1,090,180
Other Income: $272,545
Total Income: $1,362,725

WINNIPEG Jets

5 vs 5 Forward 
   Center                   Left Wing                Right Wing               Time % Phy DF OF 
 1 Nick Suzuki              Brandon Hagel            Mathew Barzal            32     1   2  2  
 2 Logan Couture            Alexander Kerfoot        Clayton Keller           30     1   2  2  
 3 Logan Couture            Tim Stutzle              Troy Terry               28     1   2  2  
 4 Radek Faksa              Jaden Schwartz           Ilya Mikheyev            10     2   2  1  

5 vs 5 Defense 
   Defense                  Defense                                           Time % Phy DF OF 
 1 Miro Heiskanen           Brian Dumoulin                                    40     1   2  2  
 2 Trevor van Riemsdyk      Rasmus Dahlin                                     30     1   2  2  
 3 Travis Sanheim           Evan Bouchard                                     20     1   2  2  
 4 Travis Sanheim           Evan Bouchard                                     10     1   2  2  

PowerPlay Forward 
   Center                   Left Wing                Right Wing               Time % Phy DF OF 
 1 Nick Suzuki              Brandon Hagel            Clayton Keller           60     1   2  2  
 2 Logan Couture            Tim Stutzle              Mathew Barzal            40     1   2  2  

PowerPlay Defense
   Defense                  Defense                                           Time % Phy DF OF 
 1 Rasmus Dahlin            Evan Bouchard                                     60     1   2  2  
 2 Miro Heiskanen           Travis Sanheim                                    40     1   2  2  

Penalty Kill 4 Players Forward 
   Center                   Wing                     Time % Phy DF OF 
 1 Nick Suzuki              Alexander Kerfoot        60     1   2  2  
 2 Radek Faksa              Ilya Mikheyev            40     1   2  2  

Penalty Kill 4 Players Defense
   Defense                  Defense                  Time % Phy DF OF 
 1 Brian Dumoulin           Trevor van Riemsdyk      60     1   2  2  
 2 Travis Sanheim           Rasmus Dahlin            40     1   2  2  

Penalty Kill - 3 Players Forward 
   Forward                                           Time % Phy DF OF 
 1 Logan Couture                                     60     1   2  2  
 2 Nick Suzuki                                       40     1   2  2  

Penalty Kill - 3 Players Defense
   Defense                  Defense                  Time % Phy DF OF 
 1 Rasmus Dahlin            Miro Heiskanen           60     1   2  2  
 2 Evan Bouchard            Brian Dumoulin           40     1   2  2  

4 vs 4 Forward 
   Center                   Wing                     Time % Phy DF OF 
 1 Mathew Barzal            Brandon Hagel            60     1   2  2  
 2 Radek Faksa              Jaden Schwartz           40     1   2  2  

4 vs 4 Defense
   Defense                  Defense                  Time % Phy DF OF 
 1 Trevor van Riemsdyk      Travis Sanheim           60     1   2  2  
 2 Evan Bouchard            Brian Dumoulin           40     1   2  2  

Last Minutes Offensive
   Center                   Left Wing                Right Wing               Defense                  Defense                  
   Logan Couture            Clayton Keller           Mathew Barzal            Rasmus Dahlin            Miro Heiskanen           

Last Minutes Defensive
   Center                   Left Wing                Right Wing               Defense                  Defense                  
   Logan Couture            Clayton Keller           Alexander Kerfoot        Brian Dumoulin           Trevor van Riemsdyk      

Goaltenders
Starting : Jeremy Swayman           
Backup : Pavel Francouz           

Extra Forwards
Normal : Troy Terry, Nick Suzuki, Alexander Kerfoot - PP : Troy Terry, Nick Suzuki - PK : Troy Terry
Extra Defensemen
Normal : Brian Dumoulin, Trevor van Riemsdyk, Travis Sanheim - PP : Brian Dumoulin - PK : Brian Dumoulin, Trevor van Riemsdyk
Penalty Shots
Clayton Keller, Tim Stutzle, Brandon Hagel, Logan Couture, Nick Suzuki

Scratches
None

CALGARY Flames

5 vs 5 Forward 
   Center                   Left Wing                Right Wing               Time % Phy DF OF 
 1 Boone Jenner             Alex Newhook             Lawson Crouse            30     2   1  2  
 2 Charlie Coyle            Cole Perfetti            Daniel Sprong            30     1   1  3  
 3 Michael Rasmussen        Philipp Kurashev         Keegan Kolesar           25     2   1  2  
 4 Ty Dellandrea            Alexei Toropchenko       A.J. Greer               15     2   1  2  

5 vs 5 Defense 
   Defense                  Defense                                           Time % Phy DF OF 
 1 Quinn Hughes             Charlie McAvoy                                    40     1   2  2  
 2 Darnell Nurse            Jamie Oleksiak                                    30     2   2  1  
 3 Johnathan Kovacevic      Josh Brown                                        25     3   2  0  
 4 Darnell Nurse            Jamie Oleksiak                                    5      2   2  1  

PowerPlay Forward 
   Center                   Left Wing                Right Wing               Time % Phy DF OF 
 1 Boone Jenner             Lawson Crouse            Charlie Coyle            55     1   0  4  
 2 Michael Rasmussen        Alex Newhook             Daniel Sprong            45     1   0  4  

PowerPlay Defense
   Defense                  Defense                                           Time % Phy DF OF 
 1 Quinn Hughes             Charlie McAvoy                                    60     1   2  2  
 2 Darnell Nurse            Jamie Oleksiak                                    40     1   2  2  

Penalty Kill 4 Players Forward 
   Center                   Wing                     Time % Phy DF OF 
 1 Charlie Coyle            Lawson Crouse            50     1   3  1  
 2 Michael Rasmussen        Keegan Kolesar           50     2   3  0  

Penalty Kill 4 Players Defense
   Defense                  Defense                  Time % Phy DF OF 
 1 Darnell Nurse            Charlie McAvoy           60     1   2  2  
 2 Quinn Hughes             Jamie Oleksiak           40     1   2  2  

Penalty Kill - 3 Players Forward 
   Forward                                           Time % Phy DF OF 
 1 Charlie Coyle                                     50     1   4  0  
 2 Michael Rasmussen                                 50     1   4  0  

Penalty Kill - 3 Players Defense
   Defense                  Defense                  Time % Phy DF OF 
 1 Darnell Nurse            Charlie McAvoy           60     1   2  2  
 2 Quinn Hughes             Jamie Oleksiak           40     1   2  2  

4 vs 4 Forward 
   Center                   Wing                     Time % Phy DF OF 
 1 Boone Jenner             Lawson Crouse            50     2   1  2  
 2 Charlie Coyle            Daniel Sprong            50     1   1  3  

4 vs 4 Defense
   Defense                  Defense                  Time % Phy DF OF 
 1 Quinn Hughes             Charlie McAvoy           55     1   2  2  
 2 Darnell Nurse            Jamie Oleksiak           45     1   2  2  

Last Minutes Offensive
   Center                   Left Wing                Right Wing               Defense                  Defense                  
   Boone Jenner             Lawson Crouse            Charlie Coyle            Quinn Hughes             Charlie McAvoy           

Last Minutes Defensive
   Center                   Left Wing                Right Wing               Defense                  Defense                  
   Charlie Coyle            Michael Rasmussen        Lawson Crouse            Darnell Nurse            Charlie McAvoy           

Goaltenders
Starting : Stuart Skinner           
Backup : Jacob Markstrom          

Extra Forwards
Normal : Charlie Coyle, Boone Jenner, Michael Rasmussen - PP : Cole Perfetti, Michael Rasmussen - PK : Boone Jenner
Extra Defensemen
Normal : Jamie Oleksiak, Johnathan Kovacevic, Josh Brown - PP : Jamie Oleksiak - PK : Jamie Oleksiak, Johnathan Kovacevic
Penalty Shots
Alex Newhook, Boone Jenner, Quinn Hughes, Charlie McAvoy, Daniel Sprong

Scratches
Jacob Bryson (Healthy), Jake Muzzin (Healthy)

% Time on Ice - WINNIPEG Jets

Lines # - Real PCT - Wanted PCT - Time Play
Normal Forward
1 - 34% - 32% - 15:58
2 - 18% - 30% - 8:45
3 - 18% - 28% - 8:35
4 - 30% - 10% - 14:19
Normal Defense
1 - 37% - 40% - 17:42
2 - 34% - 30% - 15:59
3 - 20% - 20% - 9:23
4 - 10% - 10% - 4:33
PP Forward
1 - 68% - 60% - 7:03
2 - 32% - 40% - 3:21
PP Defense
1 - 64% - 60% - 6:42
2 - 36% - 40% - 3:42
PK Forward
1 - 81% - 60% - 1:36
2 - 19% - 40% - 0:23
PK Defense
1 - 54% - 60% - 1:04
2 - 46% - 40% - 0:55
PK3 Forward
1 - 0% - 60%
2 - 0% - 40%
PK3 Defense
1 - 0% - 60%
2 - 0% - 40%
44 Forward
1 - 0% - 60%
2 - 0% - 40%
44 Defense
1 - 0% - 60%
2 - 0% - 40%
Last Minute Offensive  - 0:00
Last Minute Defensive  - 0:00
Total
Forward - 60:00
Defense - 60:00

% Time on Ice - CALGARY Flames

Lines # - Real PCT - Wanted PCT - Time Play
Normal Forward
1 - 30% - 30% - 14:03
2 - 30% - 30% - 14:03
3 - 24% - 25% - 11:28
4 - 17% - 15% - 8:03
Normal Defense
1 - 41% - 40% - 19:21
2 - 28% - 30% - 13:11
3 - 30% - 25% - 14:27
4 - 1% - 5% - 0:38
PP Forward
1 - 50% - 55% - 0:59
2 - 50% - 45% - 1:00
PP Defense
1 - 61% - 60% - 1:13
2 - 39% - 40% - 0:46
PK Forward
1 - 46% - 50% - 4:49
2 - 54% - 50% - 5:35
PK Defense
1 - 59% - 60% - 6:09
2 - 41% - 40% - 4:15
PK3 Forward
1 - 0% - 50%
2 - 0% - 50%
PK3 Defense
1 - 0% - 60%
2 - 0% - 40%
44 Forward
1 - 0% - 50%
2 - 0% - 50%
44 Defense
1 - 0% - 55%
2 - 0% - 45%
Last Minute Offensive  - 0:00
Last Minute Defensive  - 0:00
Total
Forward - 60:00
Defense - 60:00

Play-by-Play

1st period


0:01 of 1st period - Boone Jenner wins face-off versus Nick Suzuki in neutral zone.
0:17 of 1st period - Icing by Miro Heiskanen.
0:18 of 1st period - Nick Suzuki wins face-off versus Charlie Coyle in WINNIPEG Jets zone.
0:18 of 1st period - Nick Suzuki is hit by Cole Perfetti.
0:24 of 1st period - Nick Suzuki is hit by Charlie Coyle and loses puck.
0:29 of 1st period - Shot by Daniel Sprong.
0:29 of 1st period - Stopped by Jeremy Swayman with a rebound.
0:31 of 1st period - Shot by Daniel Sprong.
0:31 of 1st period - Shot Misses the Net.
0:33 of 1st period - Shot by Charlie Coyle.
0:33 of 1st period - Stopped by Jeremy Swayman without a rebound.
0:34 of 1st period - Keegan Kolesar wins face-off versus Logan Couture in WINNIPEG Jets zone.
0:37 of 1st period - Shot by Johnathan Kovacevic.
0:37 of 1st period - Stopped by Jeremy Swayman without a rebound.
0:38 of 1st period - Tim Stutzle wins face-off versus Ty Dellandrea in WINNIPEG Jets zone.
1:34 of 1st period - Jaden Schwartz is hit by Josh Brown and loses puck.
2:02 of 1st period - Shot by Jaden Schwartz.
2:02 of 1st period - Shot Blocked by Quinn Hughes.
2:04 of 1st period - Shot by Radek Faksa.
2:04 of 1st period - Shot Misses the Net.
2:06 of 1st period - Shot by Ilya Mikheyev.
2:06 of 1st period - Stopped by Stuart Skinner without a rebound.
2:07 of 1st period - Nick Suzuki wins face-off versus Charlie Coyle in CALGARY Flames zone.
2:27 of 1st period - Cole Perfetti is hit by Brandon Hagel.
2:59 of 1st period - Icing by Darnell Nurse.
3:00 of 1st period - Charlie Coyle wins face-off versus Logan Couture in CALGARY Flames zone.
3:00 of 1st period - Darnell Nurse is hit by Logan Couture and loses puck.
3:17 of 1st period - Shot by Logan Couture.
3:17 of 1st period - Stopped by Stuart Skinner with a rebound.
3:25 of 1st period - Shot by Clayton Keller.
3:25 of 1st period - Stopped by Stuart Skinner without a rebound.
3:26 of 1st period - Boone Jenner wins face-off versus Radek Faksa in CALGARY Flames zone.
3:33 of 1st period - Icing by Ilya Mikheyev.
3:34 of 1st period - Radek Faksa wins face-off versus Boone Jenner in WINNIPEG Jets zone.
3:53 of 1st period - Rasmus Dahlin is hit by Alex Newhook and loses puck.
4:33 of 1st period - Icing by Miro Heiskanen.
4:34 of 1st period - Logan Couture wins face-off versus Michael Rasmussen in WINNIPEG Jets zone.
4:34 of 1st period - Logan Couture is hit by Michael Rasmussen.
4:39 of 1st period - Brian Dumoulin is hit by Michael Rasmussen and loses puck.
4:40 of 1st period - Minor Penalty to Keegan Kolesar for Cross-checking.
4:41 of 1st period - Michael Rasmussen wins face-off versus Nick Suzuki in CALGARY Flames zone.
4:55 of 1st period - Icing by Travis Sanheim.
4:56 of 1st period - Nick Suzuki wins face-off versus Lawson Crouse in WINNIPEG Jets zone.
4:56 of 1st period - Nick Suzuki is hit by Charlie Coyle.
5:14 of 1st period - Shot by Clayton Keller.
5:14 of 1st period - Goal by Clayton Keller - WINNIPEG Jets : 1 - CALGARY Flames : 0.
5:15 of 1st period - Logan Couture wins face-off versus Michael Rasmussen in neutral zone.
5:15 of 1st period - Logan Couture is hit by Keegan Kolesar.
5:23 of 1st period - Shot by Troy Terry.
5:23 of 1st period - Stopped by Stuart Skinner with a rebound.
5:25 of 1st period - Shot by Tim Stutzle.
5:25 of 1st period - Stopped by Stuart Skinner with a rebound.
5:53 of 1st period - Shot by Philipp Kurashev.
5:53 of 1st period - Shot Blocked by Trevor van Riemsdyk.
6:47 of 1st period - Shot by Charlie McAvoy.
6:47 of 1st period - Stopped by Jeremy Swayman without a rebound.
6:48 of 1st period - Charlie Coyle wins face-off versus Ilya Mikheyev in WINNIPEG Jets zone.
7:15 of 1st period - Icing by Darnell Nurse.
7:16 of 1st period - Charlie Coyle wins face-off versus Logan Couture in CALGARY Flames zone.
7:16 of 1st period - Charlie Coyle is hit by Logan Couture.
7:29 of 1st period - Off-side.
7:30 of 1st period - Michael Rasmussen wins face-off versus Nick Suzuki in neutral zone.
7:40 of 1st period - Off-side.
7:41 of 1st period - Logan Couture wins face-off versus Boone Jenner in neutral zone.
9:04 of 1st period - Shot by Philipp Kurashev.
9:04 of 1st period - Deflect By Michael Rasmussen.
9:04 of 1st period - Stopped by Jeremy Swayman without a rebound.
9:05 of 1st period - Charlie Coyle wins face-off versus Radek Faksa in WINNIPEG Jets zone.
9:17 of 1st period - Jaden Schwartz is hit by Josh Brown and loses puck.
9:22 of 1st period - Shot by Ilya Mikheyev.
9:22 of 1st period - Shot Blocked by Josh Brown.
9:24 of 1st period - Shot by Trevor van Riemsdyk.
9:24 of 1st period - Stopped by Stuart Skinner with a rebound.
9:26 of 1st period - Shot by Rasmus Dahlin.
9:26 of 1st period - Stopped by Stuart Skinner without a rebound.
9:27 of 1st period - Logan Couture wins face-off versus Michael Rasmussen in CALGARY Flames zone.
10:52 of 1st period - Shot by Charlie Coyle.
10:52 of 1st period - Shot Misses the Net.
10:54 of 1st period - Shot by Johnathan Kovacevic.
10:54 of 1st period - Stopped by Jeremy Swayman without a rebound.
10:55 of 1st period - Ty Dellandrea wins face-off versus Radek Faksa in WINNIPEG Jets zone.
10:55 of 1st period - Ty Dellandrea is hit by Rasmus Dahlin.
11:18 of 1st period - Charlie McAvoy is hit by Rasmus Dahlin and loses puck.
11:21 of 1st period - Shot by A.J. Greer.
11:21 of 1st period - Shot Misses the Net.
11:23 of 1st period - Shot by Ty Dellandrea.
11:23 of 1st period - Shot Blocked by Trevor van Riemsdyk.
12:20 of 1st period - Shot by Nick Suzuki.
12:20 of 1st period - Stopped by Stuart Skinner without a rebound.
12:21 of 1st period - Logan Couture wins face-off versus Michael Rasmussen in CALGARY Flames zone.
12:40 of 1st period - Shot by Alexander Kerfoot.
12:40 of 1st period - Deflect By Clayton Keller.
12:40 of 1st period - Stopped by Stuart Skinner without a rebound.
12:41 of 1st period - Charlie Coyle wins face-off versus Nick Suzuki in CALGARY Flames zone.
14:34 of 1st period - Shot by Philipp Kurashev.
14:34 of 1st period - Shot Blocked by Evan Bouchard.
15:32 of 1st period - Shot by Logan Couture.
15:32 of 1st period - Stopped by Stuart Skinner without a rebound.
15:32 of 1st period - Minor Penalty to Jamie Oleksiak for Interference.
15:33 of 1st period - Logan Couture wins face-off versus Charlie Coyle in CALGARY Flames zone.
15:33 of 1st period - Tim Stutzle is hit by Charlie McAvoy and loses puck.
17:21 of 1st period - Logan Couture is hit by Keegan Kolesar and loses puck.
17:58 of 1st period - Jaden Schwartz is hit by Josh Brown and loses puck.
18:46 of 1st period - Off-side.
18:47 of 1st period - Boone Jenner wins face-off versus Logan Couture in neutral zone.
19:01 of 1st period - Shot by Tim Stutzle.
19:01 of 1st period - Stopped by Stuart Skinner without a rebound.
19:02 of 1st period - Brandon Hagel wins face-off versus Michael Rasmussen in CALGARY Flames zone.
19:08 of 1st period - Brandon Hagel is hit by Charlie McAvoy and loses puck.
19:13 of 1st period - Shot by Nick Suzuki.
19:13 of 1st period - Deflect By Brandon Hagel.
19:13 of 1st period - Shot Misses the Net.
Goals for this period are 1 for WINNIPEG Jets vs 0 for CALGARY Flames.
Shots for this period are 12 for WINNIPEG Jets vs 6 for CALGARY Flames.

2nd period


0:01 of 2nd period - Boone Jenner wins face-off versus Logan Couture in neutral zone.
0:04 of 2nd period - Shot by Darnell Nurse.
0:04 of 2nd period - Shot Blocked by Brian Dumoulin.
0:13 of 2nd period - Minor Penalty to Boone Jenner for Tripping.
0:14 of 2nd period - Charlie Coyle wins face-off versus Nick Suzuki in CALGARY Flames zone.
0:20 of 2nd period - Icing by Rasmus Dahlin.
0:21 of 2nd period - Charlie Coyle wins face-off versus Nick Suzuki in WINNIPEG Jets zone.
0:51 of 2nd period - Quinn Hughes is hit by Clayton Keller and loses puck.
1:26 of 2nd period - Rasmus Dahlin is hit by Darnell Nurse and loses puck.
1:39 of 2nd period - Shot by Tim Stutzle.
1:39 of 2nd period - Stopped by Stuart Skinner without a rebound.
1:40 of 2nd period - Michael Rasmussen wins face-off versus Logan Couture in CALGARY Flames zone.
2:18 of 2nd period - Icing by Johnathan Kovacevic.
2:19 of 2nd period - Ty Dellandrea wins face-off versus Radek Faksa in CALGARY Flames zone.
2:30 of 2nd period - Shot by Alexei Toropchenko.
2:30 of 2nd period - Stopped by Jeremy Swayman without a rebound.
2:31 of 2nd period - Charlie Coyle wins face-off versus Tim Stutzle in WINNIPEG Jets zone.
3:00 of 2nd period - Shot by Tim Stutzle.
3:00 of 2nd period - Stopped by Stuart Skinner without a rebound.
3:01 of 2nd period - Boone Jenner wins face-off versus Nick Suzuki in CALGARY Flames zone.
3:20 of 2nd period - Minor Penalty to Jamie Oleksiak for Interference.
3:21 of 2nd period - Nick Suzuki wins face-off versus Michael Rasmussen in CALGARY Flames zone.
3:45 of 2nd period - Shot by Clayton Keller.
3:45 of 2nd period - Deflect By Nick Suzuki.
3:45 of 2nd period - Stopped by Stuart Skinner without a rebound.
3:46 of 2nd period - Charlie Coyle wins face-off versus Logan Couture in CALGARY Flames zone.
3:46 of 2nd period - Charlie Coyle is hit by Logan Couture.
4:11 of 2nd period - Icing by Miro Heiskanen.
4:12 of 2nd period - Charlie Coyle wins face-off versus Logan Couture in WINNIPEG Jets zone.
4:23 of 2nd period - Shot by Travis Sanheim.
4:23 of 2nd period - Shot Misses the Net.
4:25 of 2nd period - Shot by Mathew Barzal.
4:25 of 2nd period - Shot Misses the Net.
4:27 of 2nd period - Shot by Tim Stutzle.
4:27 of 2nd period - Stopped by Stuart Skinner with a rebound.
4:29 of 2nd period - Shot by Tim Stutzle.
4:29 of 2nd period - Stopped by Stuart Skinner without a rebound.
4:30 of 2nd period - Michael Rasmussen wins face-off versus Brandon Hagel in CALGARY Flames zone.
4:41 of 2nd period - Shot by Charlie Coyle.
4:41 of 2nd period - Stopped by Jeremy Swayman without a rebound.
4:42 of 2nd period - Nick Suzuki wins face-off versus Michael Rasmussen in WINNIPEG Jets zone.
5:37 of 2nd period - Shot by Troy Terry.
5:37 of 2nd period - Shot Misses the Net.
5:42 of 2nd period - Off-side.
5:43 of 2nd period - Radek Faksa wins face-off versus Charlie Coyle in neutral zone.
5:43 of 2nd period - Trevor van Riemsdyk is hit by Charlie Coyle and loses puck.
6:33 of 2nd period - Trevor van Riemsdyk is hit by Darnell Nurse and loses puck.
6:50 of 2nd period - Shot by Darnell Nurse.
6:50 of 2nd period - Stopped by Jeremy Swayman without a rebound.
6:51 of 2nd period - Logan Couture wins face-off versus Michael Rasmussen in WINNIPEG Jets zone.
7:00 of 2nd period - Shot by Logan Couture.
7:00 of 2nd period - Deflect By Clayton Keller.
7:00 of 2nd period - Shot Misses the Net.
7:27 of 2nd period - Shot by Philipp Kurashev.
7:27 of 2nd period - Shot Misses the Net.
7:59 of 2nd period - Off-side.
8:00 of 2nd period - Charlie Coyle wins face-off versus Nick Suzuki in neutral zone.
8:02 of 2nd period - Quinn Hughes is hit by Evan Bouchard and loses puck.
9:26 of 2nd period - Jaden Schwartz is hit by Lawson Crouse and loses puck.
9:37 of 2nd period - Icing by Jaden Schwartz.
9:38 of 2nd period - Radek Faksa wins face-off versus Michael Rasmussen in WINNIPEG Jets zone.
9:38 of 2nd period - Radek Faksa is hit by Michael Rasmussen.
9:53 of 2nd period - Logan Couture is hit by Johnathan Kovacevic and loses puck.
10:08 of 2nd period - Shot by Philipp Kurashev.
10:08 of 2nd period - Deflect By Keegan Kolesar.
10:08 of 2nd period - Stopped by Jeremy Swayman without a rebound.
10:09 of 2nd period - Ty Dellandrea wins face-off versus Nick Suzuki in WINNIPEG Jets zone.
11:08 of 2nd period - Shot by Boone Jenner.
11:08 of 2nd period - Stopped by Jeremy Swayman with a rebound.
11:50 of 2nd period - Icing by Jamie Oleksiak.
11:51 of 2nd period - Radek Faksa wins face-off versus Boone Jenner in CALGARY Flames zone.
13:11 of 2nd period - Logan Couture is hit by Quinn Hughes and loses puck.
13:47 of 2nd period - Shot by Philipp Kurashev.
13:47 of 2nd period - Stopped by Jeremy Swayman without a rebound.
13:48 of 2nd period - Brandon Hagel wins face-off versus Ty Dellandrea in WINNIPEG Jets zone.
13:48 of 2nd period - Nick Suzuki is hit by A.J. Greer and loses puck.
14:10 of 2nd period - Brandon Hagel is hit by Jamie Oleksiak and loses puck.
14:39 of 2nd period - Shot by Quinn Hughes.
14:39 of 2nd period - Shot Misses the Net.
14:41 of 2nd period - Shot by Alex Newhook.
14:41 of 2nd period - Stopped by Jeremy Swayman without a rebound.
14:42 of 2nd period - Radek Faksa wins face-off versus Charlie Coyle in WINNIPEG Jets zone.
14:46 of 2nd period - Off-side.
14:47 of 2nd period - Radek Faksa wins face-off versus Charlie Coyle in neutral zone.
15:24 of 2nd period - Shot by Jaden Schwartz.
15:24 of 2nd period - Stopped by Stuart Skinner with a rebound.
16:37 of 2nd period - Shot by Nick Suzuki.
16:37 of 2nd period - Shot Misses the Net.
16:39 of 2nd period - Shot by Brandon Hagel.
16:39 of 2nd period - Shot Blocked by Darnell Nurse.
16:41 of 2nd period - Shot by Brandon Hagel.
16:41 of 2nd period - Shot Misses the Net.
16:43 of 2nd period - Shot by Travis Sanheim.
16:43 of 2nd period - Stopped by Stuart Skinner without a rebound.
16:44 of 2nd period - Keegan Kolesar wins face-off versus Logan Couture in CALGARY Flames zone.
17:20 of 2nd period - Icing by Josh Brown.
17:21 of 2nd period - Nick Suzuki wins face-off versus Michael Rasmussen in CALGARY Flames zone.
17:32 of 2nd period - Shot by Nick Suzuki.
17:32 of 2nd period - Deflect By Brandon Hagel.
17:32 of 2nd period - Shot Misses the Net.
17:34 of 2nd period - Shot by Brian Dumoulin.
17:34 of 2nd period - Shot Misses the Net.
17:48 of 2nd period - Shot by Brandon Hagel.
17:48 of 2nd period - Stopped by Stuart Skinner without a rebound.
17:49 of 2nd period - Boone Jenner wins face-off versus Radek Faksa in CALGARY Flames zone.
17:49 of 2nd period - Jamie Oleksiak is hit by Radek Faksa and loses puck.
17:58 of 2nd period - Shot by Radek Faksa.
17:58 of 2nd period - Shot Misses the Net.
18:25 of 2nd period - Off-side.
18:26 of 2nd period - Charlie Coyle wins face-off versus Brandon Hagel in neutral zone.
18:59 of 2nd period - Icing by Miro Heiskanen.
19:00 of 2nd period - Nick Suzuki wins face-off versus Michael Rasmussen in WINNIPEG Jets zone.
19:00 of 2nd period - Nick Suzuki is hit by Michael Rasmussen.
19:10 of 2nd period - Jamie Oleksiak is hit by Brandon Hagel and loses puck.
19:19 of 2nd period - Shot by Miro Heiskanen.
19:19 of 2nd period - Stopped by Stuart Skinner without a rebound.
19:20 of 2nd period - Boone Jenner wins face-off versus Logan Couture in CALGARY Flames zone.
19:45 of 2nd period - Shot by Alex Newhook.
19:45 of 2nd period - Stopped by Jeremy Swayman without a rebound.
19:46 of 2nd period - Charlie Coyle wins face-off versus Radek Faksa in WINNIPEG Jets zone.
19:57 of 2nd period - Icing by Charlie McAvoy.
19:58 of 2nd period - Logan Couture wins face-off versus Charlie Coyle in CALGARY Flames zone.
Goals for this period are 0 for WINNIPEG Jets vs 0 for CALGARY Flames.
Shots for this period are 9 for WINNIPEG Jets vs 8 for CALGARY Flames.

3rd period


0:01 of 3rd period - Boone Jenner wins face-off versus Logan Couture in neutral zone.
0:33 of 3rd period - Minor Penalty to Lawson Crouse for Holding.
0:34 of 3rd period - Nick Suzuki wins face-off versus Michael Rasmussen in CALGARY Flames zone.
0:39 of 3rd period - Shot by Rasmus Dahlin.
0:39 of 3rd period - Shot Misses the Net.
0:41 of 3rd period - Shot by Brandon Hagel.
0:41 of 3rd period - Deflect By Clayton Keller.
0:41 of 3rd period - Shot Misses the Net.
0:43 of 3rd period - Shot by Brandon Hagel.
0:43 of 3rd period - Shot Misses the Net.
0:45 of 3rd period - Shot by Rasmus Dahlin.
0:45 of 3rd period - Shot Misses the Net.
0:47 of 3rd period - Shot by Rasmus Dahlin.
0:47 of 3rd period - Shot Misses the Net.
0:49 of 3rd period - Shot by Brandon Hagel.
0:49 of 3rd period - Shot Blocked by Charlie McAvoy.
0:51 of 3rd period - Shot by Evan Bouchard.
0:51 of 3rd period - Goal by Evan Bouchard - WINNIPEG Jets : 2 - CALGARY Flames : 0.
0:52 of 3rd period - Charlie Coyle wins face-off versus Radek Faksa in neutral zone.
1:23 of 3rd period - Shot by Daniel Sprong.
1:23 of 3rd period - Shot Misses the Net.
1:25 of 3rd period - Shot by Daniel Sprong.
1:25 of 3rd period - Shot Misses the Net.
1:27 of 3rd period - Shot by Josh Brown.
1:27 of 3rd period - Stopped by Jeremy Swayman without a rebound.
1:28 of 3rd period - Michael Rasmussen wins face-off versus Logan Couture in WINNIPEG Jets zone.
1:32 of 3rd period - Icing by Rasmus Dahlin.
1:33 of 3rd period - Boone Jenner wins face-off versus Logan Couture in WINNIPEG Jets zone.
2:06 of 3rd period - Shot by Clayton Keller.
2:06 of 3rd period - Shot Misses the Net.
2:34 of 3rd period - Brandon Hagel is hit by Charlie McAvoy and loses puck.
2:52 of 3rd period - Brandon Hagel is hit by Charlie McAvoy and loses puck.
4:04 of 3rd period - Off-side.
4:05 of 3rd period - Charlie Coyle wins face-off versus Logan Couture in neutral zone.
4:07 of 3rd period - Daniel Sprong is hit by Rasmus Dahlin and loses puck.
4:18 of 3rd period - Shot by Troy Terry.
4:18 of 3rd period - Shot Misses the Net.
4:27 of 3rd period - Josh Brown is hit by Rasmus Dahlin and loses puck.
4:33 of 3rd period - Off-side.
4:34 of 3rd period - Ty Dellandrea wins face-off versus Nick Suzuki in neutral zone.
4:40 of 3rd period - Shot by Jamie Oleksiak.
4:40 of 3rd period - Shot Misses the Net.
4:42 of 3rd period - Shot by A.J. Greer.
4:42 of 3rd period - Stopped by Jeremy Swayman without a rebound.
4:43 of 3rd period - Brandon Hagel wins face-off versus Michael Rasmussen in WINNIPEG Jets zone.
4:43 of 3rd period - Brandon Hagel is hit by Keegan Kolesar.
5:07 of 3rd period - Shot by Philipp Kurashev.
5:07 of 3rd period - Stopped by Jeremy Swayman without a rebound.
5:08 of 3rd period - Logan Couture wins face-off versus Charlie Coyle in WINNIPEG Jets zone.
5:12 of 3rd period - Alexander Kerfoot is hit by Jamie Oleksiak and loses puck.
5:16 of 3rd period - Minor Penalty to Charlie Coyle for High sticking.
5:17 of 3rd period - Boone Jenner wins face-off versus Nick Suzuki in CALGARY Flames zone.
5:56 of 3rd period - Shot by Nick Suzuki.
5:56 of 3rd period - Shot Blocked by Lawson Crouse.
5:58 of 3rd period - Shot by Clayton Keller.
5:58 of 3rd period - Stopped by Stuart Skinner without a rebound.
5:59 of 3rd period - Michael Rasmussen wins face-off versus Logan Couture in CALGARY Flames zone.
6:27 of 3rd period - Off-side.
6:28 of 3rd period - Michael Rasmussen wins face-off versus Nick Suzuki in neutral zone.
7:53 of 3rd period - Shot by Ty Dellandrea.
7:53 of 3rd period - Shot Misses the Net.
8:08 of 3rd period - Miro Heiskanen is hit by Charlie Coyle.
8:09 of 3rd period - Minor Penalty to Charlie McAvoy for Delaying the game.
8:10 of 3rd period - Logan Couture wins face-off versus Lawson Crouse in CALGARY Flames zone.
8:11 of 3rd period - Shot by Tim Stutzle.
8:11 of 3rd period - Stopped by Stuart Skinner without a rebound.
8:12 of 3rd period - Nick Suzuki wins face-off versus Charlie Coyle in CALGARY Flames zone.
9:09 of 3rd period - Shot by Travis Sanheim.
9:09 of 3rd period - Shot Misses the Net.
9:11 of 3rd period - Shot by Travis Sanheim.
9:11 of 3rd period - Shot Misses the Net.
9:13 of 3rd period - Shot by Logan Couture.
9:13 of 3rd period - Goal by Logan Couture - WINNIPEG Jets : 3 - CALGARY Flames : 0.
9:14 of 3rd period - Michael Rasmussen wins face-off versus Logan Couture in neutral zone.
9:35 of 3rd period - Shot by Tim Stutzle.
9:35 of 3rd period - Stopped by Stuart Skinner without a rebound.
9:36 of 3rd period - Jaden Schwartz wins face-off versus Ty Dellandrea in CALGARY Flames zone.
10:08 of 3rd period - Rasmus Dahlin is hit by Charlie McAvoy and loses puck.
10:33 of 3rd period - Icing by Trevor van Riemsdyk.
10:34 of 3rd period - Charlie Coyle wins face-off versus Radek Faksa in WINNIPEG Jets zone.
10:39 of 3rd period - Shot by Daniel Sprong.
10:39 of 3rd period - Shot Misses the Net.
11:18 of 3rd period - Jaden Schwartz is hit by Darnell Nurse and loses puck.
11:53 of 3rd period - Shot by Alex Newhook.
11:53 of 3rd period - Stopped by Jeremy Swayman without a rebound.
11:54 of 3rd period - Nick Suzuki wins face-off versus Boone Jenner in WINNIPEG Jets zone.
12:17 of 3rd period - Lawson Crouse is hit by Travis Sanheim and loses puck.
12:18 of 3rd period - Minor Penalty to Evan Bouchard for Slashing.
12:19 of 3rd period - Nick Suzuki wins face-off versus Michael Rasmussen in WINNIPEG Jets zone.
12:25 of 3rd period - Icing by Charlie McAvoy.
12:26 of 3rd period - Nick Suzuki wins face-off versus Alex Newhook in CALGARY Flames zone.
12:32 of 3rd period - Off-side.
12:33 of 3rd period - Boone Jenner wins face-off versus Nick Suzuki in neutral zone.
12:43 of 3rd period - Shot by Boone Jenner.
12:43 of 3rd period - Shot Misses the Net.
12:45 of 3rd period - Shot by Charlie McAvoy.
12:45 of 3rd period - Deflect By Charlie Coyle.
12:45 of 3rd period - Stopped by Jeremy Swayman without a rebound.
12:46 of 3rd period - Boone Jenner wins face-off versus Nick Suzuki in WINNIPEG Jets zone.
13:38 of 3rd period - Icing by Alex Newhook.
13:39 of 3rd period - Alex Newhook wins face-off versus Nick Suzuki in CALGARY Flames zone.
13:58 of 3rd period - Shot by Quinn Hughes.
13:58 of 3rd period - Stopped by Jeremy Swayman without a rebound.
13:59 of 3rd period - Radek Faksa wins face-off versus Michael Rasmussen in WINNIPEG Jets zone.
13:59 of 3rd period - Radek Faksa is hit by Michael Rasmussen.
14:24 of 3rd period - Icing by Johnathan Kovacevic.
14:25 of 3rd period - Ty Dellandrea wins face-off versus Logan Couture in CALGARY Flames zone.
14:38 of 3rd period - Shot by Johnathan Kovacevic.
14:38 of 3rd period - Shot Blocked by Evan Bouchard.
14:44 of 3rd period - Shot by Ty Dellandrea.
14:44 of 3rd period - Shot Misses the Net.
14:46 of 3rd period - Shot by Johnathan Kovacevic.
14:46 of 3rd period - Shot Misses the Net.
15:06 of 3rd period - Shot by A.J. Greer.
15:06 of 3rd period - Deflect By Ty Dellandrea.
15:06 of 3rd period - Stopped by Jeremy Swayman without a rebound.
15:07 of 3rd period - Nick Suzuki wins face-off versus Michael Rasmussen in WINNIPEG Jets zone.
15:07 of 3rd period - Nick Suzuki is hit by Keegan Kolesar.
15:12 of 3rd period - Brandon Hagel is hit by Keegan Kolesar and loses puck.
15:17 of 3rd period - Quinn Hughes is hit by Mathew Barzal and loses puck.
15:25 of 3rd period - Minor Penalty to Charlie McAvoy for Tripping.
15:26 of 3rd period - Charlie Coyle wins face-off versus Nick Suzuki in CALGARY Flames zone.
15:43 of 3rd period - Shot by Clayton Keller.
15:43 of 3rd period - Shot Misses the Net.
15:45 of 3rd period - Shot by Rasmus Dahlin.
15:45 of 3rd period - Shot Misses the Net.
15:47 of 3rd period - Shot by Brandon Hagel.
15:47 of 3rd period - Shot Misses the Net.
15:55 of 3rd period - Shot by Brandon Hagel.
15:55 of 3rd period - Stopped by Stuart Skinner with a rebound.
15:57 of 3rd period - Shot by Brandon Hagel.
15:57 of 3rd period - Goal by Brandon Hagel - WINNIPEG Jets : 4 - CALGARY Flames : 0.
15:58 of 3rd period - Logan Couture wins face-off versus Alex Newhook in neutral zone.
16:08 of 3rd period - Logan Couture is hit by Charlie McAvoy.
16:12 of 3rd period - Shot by Logan Couture.
16:12 of 3rd period - Shot Misses the Net.
16:25 of 3rd period - Tim Stutzle is hit by Quinn Hughes.
16:41 of 3rd period - Shot by Troy Terry.
16:41 of 3rd period - Shot Misses the Net.
16:43 of 3rd period - Shot by Miro Heiskanen.
16:43 of 3rd period - Shot Misses the Net.
17:11 of 3rd period - Shot by Radek Faksa.
17:11 of 3rd period - Shot Blocked by Jamie Oleksiak.
17:13 of 3rd period - Shot by Ilya Mikheyev.
17:13 of 3rd period - Goal by Ilya Mikheyev - WINNIPEG Jets : 5 - CALGARY Flames : 0.
17:14 of 3rd period - Michael Rasmussen wins face-off versus Nick Suzuki in neutral zone.
18:13 of 3rd period - Brian Dumoulin is hit by Keegan Kolesar.
18:23 of 3rd period - Shot by Alexander Kerfoot.
18:23 of 3rd period - Shot Misses the Net.
18:25 of 3rd period - Shot by Logan Couture.
18:25 of 3rd period - Shot Misses the Net.
18:27 of 3rd period - Shot by Logan Couture.
18:27 of 3rd period - Shot Misses the Net.
18:33 of 3rd period - Shot by Clayton Keller.
18:33 of 3rd period - Stopped by Stuart Skinner without a rebound.
18:34 of 3rd period - Radek Faksa wins face-off versus Daniel Sprong in CALGARY Flames zone.
18:49 of 3rd period - Shot by Charlie Coyle.
18:49 of 3rd period - Stopped by Jeremy Swayman without a rebound.
18:50 of 3rd period - Boone Jenner wins face-off versus Logan Couture in WINNIPEG Jets zone.
19:15 of 3rd period - Shot by Boone Jenner.
19:15 of 3rd period - Stopped by Jeremy Swayman without a rebound.
19:16 of 3rd period - Charlie Coyle wins face-off versus Nick Suzuki in WINNIPEG Jets zone.
19:16 of 3rd period - Charlie Coyle is hit by Trevor van Riemsdyk.
19:26 of 3rd period - Shot by Nick Suzuki.
19:26 of 3rd period - Shot Misses the Net.
19:58 of 3rd period - Off-side.
19:59 of 3rd period - Boone Jenner wins face-off versus Logan Couture in neutral zone.
Goals for this period are 4 for WINNIPEG Jets vs 0 for CALGARY Flames.
Shots for this period are 9 for WINNIPEG Jets vs 9 for CALGARY Flames. Output by the SimonT Hockey Simulator (STHS) for Martin Benoit - Original Page W3C HTML5 Valid
Hockey Simulator - Hockey Simulation - Hockey Manager